 Dungeon Crawl Stone Soup version 0.27-a0-1277-g3808f8b1c9 (webtiles) character file.

Game seed: 18070446958757343761

282 dfl the Digger (level 6, -4/32 HPs)
             Began as a Gargoyle Earth Elementalist on June 12, 2021.
             Slain by a wight (8 damage)
             ... on level 3 of the Dungeon.
             The game lasted 00:07:08 (3166 turns).

dfl the Digger (Gargoyle Earth Elementalist)        Turns: 3166, Time: 00:07:08

Health: -4/32      AC:  9    Str: 11    XL:     6   Next: 28%
Magic:  10/11      EV: 15    Int: 24    God:
Gold:   122        SH:  0    Dex: 10    Spells: 3/12 levels left

rFire    . . .     SeeInvis .   i - +1 dagger (vamp)
rCold    . . .     Faith    .   (no shield)
rNeg     + . .     Spirit   .   h - +2 leather armour {Will+}
rPois    ∞         Reflect  .   (no helmet)
rElec    +         Harm     .   (no cloak)
rCorr    .         Rampage  .   (no gloves)
Will     +....                  (no boots)
Stlth    ++........             (no amulet)
HPRegen  0.10/turn              l - +4 ring of evasion
MPRegen  0.12/turn              g - +6 ring of intelligence

@: hasted, very quick
A: sickness immunity, AC +4, negative energy resistance 1, electricity
resistance, torment resistance 1, petrification resistance
a: no special abilities


You were on level 3 of the Dungeon.
You visited 1 branch of the dungeon, and saw 4 of its levels.

You collected 122 gold pieces.

Inventory:

Hand Weapons
 f - a +1 dire flail of protection
 i - a +1 vampiric dagger (weapon)
 j - a +0 flail
Missiles
 b - 12 stones
Armour
 c - a +1 robe
 h - a +2 leather armour of willpower (worn)
Jewellery
 g - a +6 ring of intelligence (right hand)
 l - a +4 ring of evasion (left hand)
Scrolls
 d - a scroll of enchant armour
 e - 2 scrolls of teleportation
Potions
 a - a potion of haste
 k - a potion of magic
 p - a potion of curing {unknown}


   Skills:
 - Level 1.5 Dodging
 - Level 2.1 Stealth
 + Level 3.9 Spellcasting
 + Level 3.1 Conjurations
 - Level 0.7 Transmutations
 + Level 5.8 Earth Magic


You had 3 spell levels left.
You knew the following spells:

 Your Spells              Type           Power      Damage    Failure   Level
a - Sandblast             Erth           64%        2d14      1%          1
b - Stone Arrow           Conj/Erth      52%        3d10      6%          3
c - Lee's Rapid Deconstr  Erth           16%        3d11*     32%         5

Your spell library contained the following spells:

 Spells                   Type           Power      Damage    Failure   Level
 Passwall                 Tmut/Erth      16%        N/A       5%          2
 Beastly Appendage        Tmut           16%        N/A       10%         1
 Animate Skeleton         Necr           8%         N/A       13%         1
 Pain                     Necr           16%        1d4       13%         1
 Wereblood                Tmut           8%         N/A       14%         2
 Spider Form              Tmut/Pois      3%         N/A       32%         3
 Vampiric Draining        Necr           2%         2d6       36%         3
 Petrify                  Tmut/Erth      20%        N/A       34%         4
 Ice Form                 Ice/Tmut       6%         N/A       73%         4
 Animate Dead             Necr           2%         N/A       78%         4
 Agony                    Necr           4%         N/A       98%         5


Dungeon Overview and Level Annotations

Branches:
Dungeon (4/15)
 Temple: D:4-7

Altars:
Hepliaklqana
Kikubaaqudgha
Beogh

Shops:
D:1 !

Annotations:
D:4 Menkaure, Natasha


Innate Abilities, Weirdness & Mutations

You are immune to sickness and miasma.
Your stone body is resilient. (AC +4)
You are immune to poison.
You resist negative energy. (rN+)
You are resistant to electric shocks. (rElec)
You are resistant to unholy torment.
You are immune to petrification.


Message History

There is a stone staircase leading up here.
Unknown command.
Okay, then.
Unknown command.
The wight misses you. x2
Natasha mumbles some strange words.
The wight barely misses you.
You climb upwards.
There is a stone staircase leading down here.
Unknown command.
Unknown command.
Unknown command.
Casting: Stone Arrow (quite dangerous; 7% risk of failure)
Confirm with . or Enter, or press ? or * to list all spells.
Aiming: Sandblast (safe; 1% risk of failure)
Press: ? - help, Shift-Dir - straight line, f - wight
Aim: a wight, wielding a +2 trident of freezing and wearing a +0 robe (82% to hit)
The blast of sand hits the wight!
The wight is almost destroyed.
The wight hits you with a +2 trident of freezing!
The wight freezes you. The wight hits you with a +0 mace.
The wight closely misses you.
Casting: Sandblast (safe; 1% risk of failure)
Confirm with . or Enter, or press ? or * to list all spells.
Aiming: Sandblast (safe; 1% risk of failure)
Press: ? - help, Shift-Dir - straight line, f/p - wight
Aim: a wight, wielding a +2 trident of freezing and wearing a +0 robe (almost destroyed, 82% to hit)
The blast of sand hits the wight!
You destroy the wight!
The wight hits you with a +0 mace.
* * * LOW HITPOINT WARNING * * *
The wight closely misses you.
Your Conjurations skill increases to level 3!
The wight hits you with a +3 flail.
* * * LOW HITPOINT WARNING * * *
Things that are here:
a +2 trident of freezing; a +0 robe The wight hits you but does no damage.
You feel yourself speed up. The wight hits you with a +0 mace!
You die...

..# #.........# #...##.##.# ###
#.........# ####.####.##.#
#.........# ##.[..# #..##.#
#.........####..#### #.##..#
#......(..##.)>## #....## ##
##.......###.### #..### .##
#.........#z.# #..# .>#
#......)..#z## #..# #.#
#........)#@# ###..# #.##
#.....).....# #....# #..#
#..........## #.#.##
.#.####.........# ####.#.####
.......#.<...##.# #.........#
#...##.......##.######.........##
#.#.####.........................
#...# #..#####...####.........##
##..####### ###.####...........


You could see 2 wights.

Vanquished Creatures
  Edmund (D:3)
  A wight (D:3)
  A hound (D:3)
  4 gnolls (D:3)
  2 adders
  An ufetubus (D:4)
  3 worms
  7 orcs (D:3)
  A bat (D:1)
  3 endoplasms
  3 giant cockroaches
  4 goblins
  8 hobgoblins
  5 kobolds
  3 quokkas
  3 ball pythons
  6 frilled lizards
  2 rats (D:3)
58 creatures vanquished.

Notes
Turn   | Place    | Note
-------+----------+-------------------------------------------
     0 | D:1      | dfl the Gargoyle Earth Elementalist began the quest for the
                  | Orb.
     0 | D:1      | Reached XP level 1. HP: 10/10 MP: 3/3
    32 | D:1      | Found Peno's Distillery.
   404 | D:1      | Reached XP level 2. HP: 10/15 MP: 5/5
   504 | D:1      | Reached skill level 4 in Earth Magic
  1247 | D:2      | Reached XP level 3. HP: 15/19 MP: 6/6
  1254 | D:2      | Learned a level 3 spell: Stone Arrow
  1962 | D:3      | Reached skill level 1 in Conjurations
  1962 | D:3      | Reached XP level 4. HP: 24/24 MP: 6/8
  2104 | D:3      | Reached skill level 5 in Earth Magic
  2280 | D:3      | Found a hazy altar of Hepliaklqana.
  2437 | D:3      | Reached XP level 5. HP: 28/28 MP: 7/9
  2507 | D:3      | Found a faded altar of an unknown god.
  2697 | D:3      | Found an ancient bone altar of Kikubaaqudgha.
  2776 | D:2      | Learned a level 5 spell: Lee's Rapid Deconstruction
  2813 | D:4      | Noticed Menkaure
  2813 | D:4      | Noticed Edmund
  2817 | D:4      | Noticed Natasha
  2932 | D:3      | Killed Edmund
  2933 | D:3      | Reached XP level 6. HP: 17/32 MP: 7/11
  3166 | D:3      | Slain by a wight

Illustrated notes

Levels and vault maps discovered:
D:1:      dpeg_arrival_tiny_a, layout_rooms, serial_shops,
          nicolae_shop_behind_doors
D:2:      layout_rooms, kennysheep_generic_room_9
D:3:      layout_rooms, lemuel_coloured_pillars_altar, general_overflow_altar,
          hellmonk_ecumenical_altar_defaced_shrine,
          minmay_fractal_squares_diagonal_5
D:4:      layout_rooms, minmay_temple_entry_butterflies, ebering_ghost_gozag,
          uniq_edmund, uniq_natasha, uniq_menkaure

Skill      XL: |  1  2  3  4  5  6 |
---------------+-------------------+-----
Earth Magic    | 4 5 |  5.8
Spellcasting   | 3 |  3.9
Conjurations   | 1 2 3 |  3.1
Dodging        | |  1.5
Stealth        | |  2.1
Transmutations | |  0.7

Action                   |  1- 3 |  4- 6 || total
-------------------------+-------+-------++-------
Melee: Rapier            |    24 |       ||    24
       Dagger            |    57 |    63 ||   120
 Cast: Sandblast         |    19 |    19 ||    38
       Stone Arrow       |       |     1 ||     1
       Lee's Rapid Decon |       |     1 ||     1
  Use: Scroll            |     4 |     5 ||     9
       Potion            |       |     4 ||     4
 Stab: Sleeping          |     2 |     1 ||     3
Armor: Robe              |    24 |       ||    24
       Leather armour    |       |    21 ||    21
       Skin              |       |     2 ||     2
Dodge: Dodged            |    57 |    61 ||   118

Table legend: (Time is in decaauts)
 A = Elapsed time spent in this place.
 B = Non-inter-level travel time spent in this place.
 C = Inter-level travel time spent in this place.
 D = Time resting spent in this place.
 E = Time spent auto-exploring this place.
 F = Levels seen in this place.
 G = Mean time per level.
                   A        B        C        D        E       F      G
               +--------+--------+--------+--------+--------+-----+--------+
         Total |   3153 |   3040 |    113 |    427 |   2050 |   4 |  788.2 |
       Dungeon |   3153 |   3040 |    113 |    427 |   2050 |   4 |  788.2 |
               +--------+--------+--------+--------+--------+-----+--------+

Top non-repeatable levels by time:
     D:3: 1457 daAuts
     D:1: 935 daAuts
     D:2: 722 daAuts
     D:4: 37 daAuts
